 Dungeon Crawl Stone Soup version 0.22-a0-179-gb5258fd (webtiles) character file.

565 wolfsongas the Twirler (level 7, 0/54 HPs)
             Began as a Gnoll Wanderer on Feb 14, 2018.
             Slain by a gnoll sergeant
             ... wielding a +2 spear of piercing
              (6 damage)
             ... on level 5 of the Dungeon.
             The game lasted 00:07:55 (4495 turns).

wolfsongas the Twirler (Gnoll Wanderer)             Turns: 4495, Time: 00:07:55

Health: 0/54       AC: 12    Str: 15 (16) XL:     7   Next: 32%
Magic:  13/13      EV:  8    Int: 13 (15) God:
Gold:   189        SH:  0    Dex: 11 (14) Spells: 14/14 levels left

rFire    . . .     SeeInvis .   a - +3 falchion
rCold    . . .     Gourm    .   (no shield)
rNeg     . . .     Faith    .   g - +0 chain mail
rPois    .         Spirit   .   (no helmet)
rElec    .         Reflect  .   (no cloak)
rCorr    .         Harm     .   e - +0 pair of gloves
MR       +....                  (no boots)
Stlth    ..........             (no amulet)
HPRegen  0.18/turn              (no ring)
MPRegen  0.13/turn              (no ring)

@: no status effects
A: distributed training, fangs 1, molten scales 1, frail 1, magic resistance 1,
screaming 1, strong nose
a: no special abilities


You were on level 5 of the Dungeon.
You were not hungry.

You visited 1 branch of the dungeon, and saw 5 of its levels.
You also visited: Sewer.

You collected 189 gold pieces.

Inventory:

Hand Weapons
 a - a +3 falchion (weapon)
 d - a +0 blowgun
Missiles
 c - 11 poisoned needles
Armour
 e - a +0 pair of gloves (worn)
 g - a +0 chain mail (worn)
Scrolls
 b - 3 scrolls of teleportation
 h - 2 scrolls of remove curse
Potions
 f - a potion of curing
 k - 2 potions of cancellation
 n - a potion of heal wounds
Comestibles
 i - 4 rations


   Skills:
 + Level 7.7 Fighting
 + Level 4.0 Short Blades
 + Level 4.8 Long Blades
 + Level 4.0 Axes
 + Level 4.0 Maces & Flails
 + Level 4.0 Polearms
 + Level 7.7 Staves
 + Level 4.0 Slings
 + Level 4.0 Bows
 + Level 4.0 Crossbows
 + Level 6.1 Throwing
 + Level 4.0 Armour
 + Level 4.8 Dodging
 + Level 4.0 Stealth
 + Level 4.0 Shields
 + Level 4.0 Unarmed Combat
 + Level 4.0 Spellcasting
 + Level 3.3 Conjurations
 + Level 3.3 Hexes
 + Level 3.3 Charms
 + Level 3.3 Summonings
 + Level 3.3 Necromancy
 + Level 3.3 Translocations
 + Level 3.3 Transmutations
 + Level 3.3 Fire Magic
 + Level 3.3 Ice Magic
 + Level 3.3 Air Magic
 + Level 3.3 Earth Magic
 + Level 3.3 Poison Magic
 + Level 4.4 Invocations
 + Level 4.0 Evocations


You had 14 spell levels left.
You didn't know any spells.

Dungeon Overview and Level Annotations

Branches:
Dungeon (5/15)
 Temple: D:4-7

Altars:
Cheibriados
Gozag
Qazlal
Sif Muna
Trog


Innate Abilities, Weirdness & Mutations

Your experience applies equally to all skills.
You have very sharp teeth.
Your uncanny sense of smell can sniff out nearby items.
You are partially covered in molten scales. (AC +2)
You are frail. (-10% HP)
You are resistant to hostile enchantments. (MR+)
You occasionally shout uncontrollably at your foes.


Message History

The gnoll hits you with a club.
* * * LOW HITPOINT WARNING * * *
You hit the gnoll sergeant but do no damage.
The gnoll sergeant is heavily wounded.
The gnoll barely misses you.
The gnoll sergeant hits you but does no damage.
The gnoll closely misses you.
You closely miss the gnoll sergeant. Your bite misses the gnoll sergeant.
The gnoll sergeant is heavily wounded.
The gnoll hits you from afar with a spear!
* * * LOW HITPOINT WARNING * * *
The phantom blinks!
The gnoll sergeant hits you but does no damage.
The gnoll hits you but does no damage.
You barely miss the gnoll sergeant.
The gnoll sergeant is heavily wounded.
The gnoll hits you from afar with a spear.
* * * LOW HITPOINT WARNING * * *
The gnoll sergeant hits you with a spear of piercing.
You die...

#...# #.#.###<###
#.#.## #.#.##.....
#..#.###.#.##..###
##.###......)...#
#.## ##...#.##..#
##.###.#....##..#
#..#.##.##.....#
#g.............#
#@#####.#####..#
#g# #.# #... #g#
... #.# #.# #.#
#.# ..ยง .[...
.......


You could see a gnoll sergeant and 2 gnolls.

Vanquished Creatures
  The ghost of jlc4533 the Cudgeler, an amateur DsAK of Lugonu (D:3)
  A crocodile (Sewer)
  A quasit (D:4)
  An orc priest (D:3)
  2 orc wizards
  Terence (D:2)
  Jessica (D:3)
  2 worker ants (D:4)
  A gnoll (D:5)
  3 adders
  A shadow imp (D:5)
  An ooze (D:1)
  An adder zombie (D:5)
  2 worms
  4 dart slugs
  2 leopard geckos
  14 orcs
  7 giant cockroaches
  5 goblins
  5 hobgoblins
  7 jackals
  10 kobolds
  2 ball pythons
  7 bats
  3 frilled lizards
  A leopard gecko skeleton (D:3)
  9 rats
95 creatures vanquished.

Notes
Turn   | Place    | Note
-------+----------+-------------------------------------------
     0 | D:1      | wolfsongas the Gnoll Wanderer began the quest for the Orb.
     0 | D:1      | wolfsongas set off with: a +2 falchion, a scroll of teleportation, 11 poisoned needles, a +0 blowgun, a +0 robe, a ration
     0 | D:1      | Reached XP level 1. HP: 23/23 MP: 1/1
    90 | D:1      | Reached XP level 2. HP: 6/29 MP: 2/2
   978 | D:1      | Reached XP level 3. HP: 35/35 MP: 3/3
  1067 | D:1      | Gained mutation: You are frail. (-10% HP) [potion of mutation]
  1067 | D:1      | Gained mutation: You are resistant to hostile enchantments. (MR+) [potion of mutation]
  1067 | D:1      | Gained mutation: You occasionally shout uncontrollably at your foes. [potion of mutation]
  1067 | D:1      | Gained mutation: You are partially covered in molten scales. (AC +2) [potion of mutation]
  1069 | D:1      | Reached skill level 5 in Throwing
  1069 | D:1      | Reached XP level 4. HP: 38/38 MP: 3/9
  1171 | D:2      | Found a bloodstained altar of Trog.
  1171 | D:2      | Found a deep blue altar of Sif Muna.
  1172 | D:2      | Found an opulent altar of Gozag.
  1427 | D:2      | Found a snail-covered altar of Cheibriados.
  1639 | D:2      | Noticed Terence
  1659 | D:2      | Killed Terence
  1830 | D:2      | Reached XP level 5. HP: 43/43 MP: 10/10
  1875 | D:3      | Noticed Jessica
  1885 | D:3      | Killed Jessica
  2088 | D:3      | Noticed jlc4533's ghost (amateur DsAK)
  2110 | D:3      | Killed jlc4533's ghost
  2110 | D:3      | Reached XP level 6. HP: 23/50 MP: 11/11
  3409 | D:4      | Found a stormy altar of Qazlal.
  3437 | D:4      | Reached XP level 7. HP: 41/54 MP: 12/12
  3517 | D:4      | Found a glowing drain.
  3521 | Sewer    | Entered a sewer
  4388 | D:5      | Entered Level 5 of the Dungeon
  4495 | D:5      | Slain by a gnoll sergeant

Vault maps used:
D:1:      kennysheep_arrival_forest
D:2:      marbit_many_paths, gammafunk_temple_overflow_claw, uniq_terence
D:3:      first_ration, uniq_jessica
D:4:      grunt_qazlal_clouds, gup_sewer_entry_spiral
D:5:      minmay_temple_entry_from_below_a, uniq_crazy_yiuf_cottage
Sewer:    sewer_the_crocodile

Skill      XL: |  1  2  3  4  5  6  7 |
---------------+----------------------+-----
Fighting       | 7 |  7.7
Short Blades   | 3 4 |  4.0
Long Blades    | 4 |  4.8
Axes           | 3 4 |  4.0
Maces & Flails | 3 4 |  4.0
Polearms       | 3 4 |  4.0
Staves         | 7 |  7.7
Slings         | 3 4 |  4.0
Bows           | 3 4 |  4.0
Crossbows      | 3 4 |  4.0
Throwing       | 5 6 |  6.1
Armour         | 3 4 |  4.0
Dodging        | 4 |  4.8
Stealth        | 3 4 |  4.0
Shields        | 3 4 |  4.0
Unarmed Combat | 3 4 |  4.0
Spellcasting   | 3 4 |  4.0
Conjurations   | 3 |  3.3
Hexes          | 3 |  3.3
Charms         | 3 |  3.3
Summonings     | 3 |  3.3
Necromancy     | 3 |  3.3
Translocations | 3 |  3.3
Transmutations | 3 |  3.3
Fire Magic     | 3 |  3.3
Ice Magic      | 3 |  3.3
Air Magic      | 3 |  3.3
Earth Magic    | 3 |  3.3
Poison Magic   | 3 |  3.3
Invocations    | 4 |  4.4
Evocations     | 3 4 |  4.0

Action                   |  1- 3 |  4- 6 |  7- 9 || total
-------------------------+-------+-------+-------++-------
Melee: Falchion          |    40 |   224 |    85 ||   349
       Bite              |     4 |    30 |    10 ||    44
       Punch             |       |     1 |       ||     1
  Use: Potion            |     6 |     2 |     2 ||    10
       Scroll            |     3 |     2 |     3 ||     8
 Stab: Sleeping          |     3 |       |       ||     3
  Eat: Ration            |       |     2 |     1 ||     3
       Chunk             |       |     2 |       ||     2
Armor: Robe              |    11 |       |       ||    11
       Chain mail        |       |   165 |    61 ||   226
       Skin              |       |     8 |       ||     8
Dodge: Dodged            |    25 |   118 |    41 ||   184
       Rpst.: Falchion   |    10 |    35 |    10 ||    55

Table legend:
 A = Spawn XP
 B = Non-spawn XP
 C = Spawn XP percentage of total XP
 D = Spawn monster count
 E = Non-spawn monster count
 F = Spawn count percentage of total count
 G = Total turns spent on level
                    A         B        C        D         E        F      G
               +---------+---------+-------+---------+---------+-------+---------
         Total |       0 |     760 |   0.0 |       0 |      95 |   0.0 |  4495
               +---------+---------+-------+---------+---------+-------+---------
           D:1 |       0 |      34 |   0.0 |       0 |      19 |   0.0 |  1111
           D:2 |       0 |      83 |   0.0 |       0 |      18 |   0.0 |   747
           D:3 |       0 |     290 |   0.0 |       0 |      28 |   0.0 |  1203
           D:4 |       0 |     199 |   0.0 |       0 |      20 |   0.0 |   896
           D:5 |       0 |      43 |   0.0 |       0 |       4 |   0.0 |   107
         Sewer |       0 |     111 |   0.0 |       0 |       6 |   0.0 |   431
               +---------+---------+-------+---------+---------+-------+---------
